[Event "Romanian Rapid Open 2022"]
[Site "Sebes"]
[Date "2022.12.02"]
[Round "6.26"]
[White "Dan, Cantemir-Dorian"]
[Black "Saioc, David"]
[Result "1-0"]
[ECO "A50"]
[WhiteElo "2036"]
[BlackElo "2026"]
[Annotator "TA"]
[PlyCount "51"]
[EventDate "2022.12.02"]
[EventType "rapid"]
[EventCountry "ROU"]
[SourceTitle "playchess.com"]
[Source "ChessBase"]
[SourceQuality "1"]
[TimeControl "600+5"]

1. c4 b6 2. Nc3 Bb7 3. d4 Nf6 4. f3 d5 5. cxd5 Nxd5 6. e4 Nxc3 7. bxc3 e5 {[%emt 0:00:01] A50: Queen's Fianchetto Defence (1 d4 Nf6 2 c4 b6).} 8. dxe5 Qe7 {[%emt 0:00:04] [#]} 9. Bb5+ $146 ({Predecessor:} 9. Bf4 Nd7 10. Qb3 O-O-O 11. O-O-O g5 12. Be3 Bg7 13. Nh3 Nc5 14. Rxd8+ Rxd8 15. Qc4 {½-½ (46) Akshat,K (2364)-Saduakassova,D (2460) Sitges 2017}) 9... c6 {[%emt 0:00:28] White has an edge.} 10. Bc4 {[%emt 0:00:17] next f4 is good for White.} Qxe5 11. Ne2 Nd7 {[%emt 0:00:47] [#]} (11... Bc5 $11 {keeps the balance.}) 12. Bxf7+ $1 $16 Kxf7 13. Qxd7+ Qe7 14. Qf5+ Qf6 15. Qxf6+ Kxf6 16. Be3 Rd8 17. Kf2 Ba3 18. Rab1 (18. Rhb1 $142) 18... Ba6 (18... Rd7 $142) 19. Nd4 Bc5 (19... Bb7 $16 20. h4 Kf7) 20. Rhd1 $18 (20. Nxc6 $2 {loses.} Rd2+ 21. Kg3 Bxe3 22. e5+ Kf5 $19) 20... Bc4 21. Nxc6 Rxd1 22. Rxd1 {[%emt 0:00:04] [#] aiming for Bxc5.} Rc8 23. Bxc5 ({Stronger than} 23. Nxa7 Rc7 $15) 23... bxc5 $2 (23... Rxc6 24. Bd4+ Kf7) 24. Rd6+ {[%emt 0:00:18] White is clearly winning.} ({Worse is} 24. Nxa7 Rc7 $15) 24... Be6 (24... Kg5 $142 25. Nxa7 Ra8) 25. e5+ Kf7 26. Nd8+ {[%emt 0:00:07] Weighted Error Value: White=0.09 (flawless) /Black=0.52} 1-0

[Event "Romanian Rapid Open 2022"]
[Site "Sebes"]
[Date "2022.12.02"]
[Round "6.27"]
[White "Anghel, Iulian-Mihai"]
[Black "Maresanu, Mina-Andrei"]
[Result "1-0"]
[ECO "B33"]
[WhiteElo "2061"]
[BlackElo "1877"]
[Annotator "TA"]
[PlyCount "99"]
[EventDate "2022.12.02"]
[EventType "rapid"]
[EventCountry "ROU"]
[SourceTitle "playchess.com"]
[Source "ChessBase"]
[SourceQuality "1"]
[TimeControl "600+5"]

1. e4 c5 2. Nf3 Nc6 3. d4 cxd4 4. Nxd4 Nf6 5. Nc3 e5 6. Ndb5 d6 7. Bg5 a6 8. Na3 b5 9. Nd5 Be7 10. Bxf6 Bxf6 11. c4 b4 12. Nc2 a5 {[%emt 0:00:01] 12...0-0 is the fancy move.} 13. g3 {[%emt 0:00:12][%cal Bg2g3,Bg3g4,Bg4g5][%mdl 32] B33: Sicilian: Pelikan and Sveshnikov Variations.} Bg5 14. h4 {[%emt 0:00:40] is the legacy move (14.Bg2).} Bh6 15. Bh3 {[%emt 0:00:05] White is slightly better.} O-O 16. Bxc8 Rxc8 17. g4 Bf4 18. Qf3 (18. b3 $14) 18... Re8 (18... Ne7 $1 $11 19. Nxf4 exf4) 19. b3 $14 Re6 {[%emt 0:02:09] [#]} 20. g5 $146 ({Predecessor:} 20. Rd1 Qe8 21. Kf1 Kh8 22. g5 Kg8 23. Rg1 Kh8 24. Rg4 h5 25. Rg1 g6 26. Kg2 {1-0 (54) Neatherway,A (1793)-Charnley,B (1877) England 2018}) 20... Ne7 21. Nce3 {[%emt 0:01:19] White is more active.} (21. Nxf4 $16 exf4 22. O-O-O (22. Qxf4 Ng6 $14) (22. Nd4 Re5 $16)) 21... Nc6 $2 (21... Bxe3 $11 22. fxe3 Nxd5 23. exd5 Re7) 22. Nf5 $1 $18 {[%emt 0:02:19] Pair of Knights!} Ra8 23. Rd1 a4 24. Nxf4 exf4 25. Qxf4 Ne5 26. c5 {[%emt 0:00:39] Strongly threatening 0-0.} axb3 27. axb3 {[%emt 0:00:01] Black must now prevent 0-0.} (27. cxd6 $2 bxa2 28. O-O b3 $19) 27... Ra3 $2 (27... Qe8 $16 {is a better defense.} 28. Nxd6 (28. Rxd6 $2 Ra1+ 29. Kd2 Rxh1 $19) 28... Qc6) 28. Rh3 $2 (28. Rxd6 $2 Rxd6 29. O-O Re6 $19) (28. cxd6 Rxb3 29. Nd4 Rb1 30. Nxe6 (30. Rxb1 $2 Nd3+ 31. Ke2 Nxf4+ $19) 30... Qxd6 31. Rxb1 Nd3+ 32. Ke2 Nxf4+ 33. Nxf4 Qxf4 34. Rxb4 h6 $14) (28. O-O $18 {is more deadly.}) 28... Ng6 $2 (28... Qa8 $16 {might work better.}) 29. Qe3 d5 30. Rxd5 (30. Qd4 Qf8 31. Re3 (31. Qxb4 $2 Rxe4+ $19) (31. Qxd5 $2 Nf4 $19) 31... dxe4 $18) 30... Ra1+ 31. Kd2 $2 ({Only move:} 31. Ke2 $1 $18 Qe8 32. Kf3 Ne5+ 33. Kg2) 31... Ra2+ $2 (31... Qa8 $1 $11 {and Black is okay.} 32. Ke2 h5) 32. Ke1 Ra1+ 33. Kd2 Ra2+ {[%emt 0:00:04] [#]} 34. Kc1 $2 (34. Kd1 $1 $18 {and the rest is easy.} Qf8 35. Qd4) 34... Ra1+ $16 35. Kc2 Ra2+ $2 (35... Qa8 $16 36. Qd4 Qa2+ 37. Qb2 h5 38. gxh6 Qxb2+ 39. Kxb2 Rea6) 36. Kd1 $2 (36. Kb1 Qxd5 37. exd5 (37. Kxa2 Ra6+ 38. Kb1 Qd1+ 39. Qc1 Ra1+ 40. Kxa1 Qxc1+ 41. Ka2 Qd2+ 42. Kb1 Qe1+ 43. Ka2 Qxf2+ 44. Kb1 Qf1+ 45. Kc2 Qxh3 $19) 37... Rxe3 38. Rxe3) 36... Ra1+ {[%emt 0:00:03] [#]} 37. Ke2 $1 (37. Kc2 Qa8 38. Qd4 Qa2+ 39. Qb2 h5 40. gxh6 Rxe4 41. Rd8+ (41. Nxg7 Re2+ 42. Rd2 Rxd2+ 43. Kxd2 Qxb2+ 44. Ke3 Qxb3+ 45. Ke4 Qc4+ 46. Ke3 Re1+ 47. Kf3 Qe4+ 48. Kg3 Rg1+ 49. Kh2 Qh1#) 41... Kh7 42. Qxa2 (42. Nxg7 Re2+ 43. Rd2 Rxd2+ 44. Kxd2 Qxb2+ 45. Kd3 Qxb3+ 46. Ke4 Qc4+ 47. Ke3 Re1+ 48. Kf3 Qe4+ 49. Kg3 Rg1+ 50. Kh2 Qh1#) 42... Re2+ 43. Kd3 Rexa2 $18) 37... Ra2+ 38. Kf1 Qe8 (38... Qf8 $142 39. Qd4 Ra8) 39. Qd3 $4 (39. Qd4 $18 Ne5 40. Rd8) 39... Ra1+ $19 ({Worse is} 39... Rxe4 40. Qb1 Ree2 41. Rf3 $11) 40. Kg2 {[%emt 0:00:08] Qd4 is the strong threat.} Nf4+ (40... Rxe4 $2 41. Kh2 Ree1 42. Re3 (42. Rd8 $2 Rh1+ 43. Kg2 Rag1+ 44. Kf3 Rxh3+ $19) 42... Rh1+ 43. Kg3 Qb8+ 44. Rd6 $18) 41. Kh2 Nxd3 42. Rhxd3 Ra8 ({Weaker is} 42... Rxe4 43. Rd8 Rc1 44. R3d5 $15) 43. Nd6 Qe7 44. Nf5 Qc7+ 45. Kg2 g6 46. Nh6+ Kg7 47. Rd7 Qxc5 (47... Qf4 $19 48. Rxf7+ Qxf7 49. Nxf7 Kxf7) 48. Rxf7+ Kh8 49. Rdd7 Re7 50. Rdxe7 {[%emt 0:00:03] Weighted Error Value: White=1.11/Black=0.53} 1-0

[Event "Romanian Rapid Open 2022"]
[Site "Sebes"]
[Date "2022.12.02"]
[Round "6.28"]
[White "Balaban-Voia, Alexandru"]
[Black "Dobre, Ana-Margareta-Alexan"]
[Result "1-0"]
[ECO "A08"]
[WhiteElo "1994"]
[BlackElo "1857"]
[Annotator "TA"]
[PlyCount "65"]
[EventDate "2022.12.02"]
[EventType "rapid"]
[EventCountry "ROU"]
[SourceTitle "playchess.com"]
[Source "ChessBase"]
[SourceQuality "1"]
[TimeControl "600+5"]

1. Nf3 d5 2. g3 Nf6 3. Bg2 g6 4. O-O Bg7 5. d3 O-O 6. Nbd2 c5 7. e4 dxe4 8. dxe4 Nc6 9. c3 Bg4 10. Qc2 {[%emt 0:00:11] A08: King's Indian Attack.} Rc8 11. h3 {[%emt 0:01:37] [#]} Be6 $146 ({Predecessor:} 11... Bd7 12. Re1 b5 13. Nf1 b4 14. Ne3 a5 15. Nd5 Ne8 16. Be3 e6 17. Nf4 Nd4 {1-0 (33) Hess,M (2155)-Blaich,G (2282) Germany 2000}) 12. Ng5 {[%emt 0:01:45] White wants to play Nxe6. The position is equal.} Bd7 13. Nc4 b5 {[%emt 0:00:16] Against e5} 14. Ne3 h6 15. Nf3 Be6 16. Rd1 Qb6 (16... Qa5 $1 $11 {remains equal.}) 17. Nd5 $16 Nxd5 18. exd5 Bf5 19. Qe2 Na5 20. g4 (20. Qxe7 Rfe8 21. Qh4 g5 22. Nxg5 hxg5 23. Qxg5 Qf6 $15) 20... Bd7 21. Qxe7 {[%emt 0:01:34] White is more active.} ({Better is} 21. Ne5 $1 $16 Rfd8 22. Bf4) 21... Rfe8 $14 22. Qh4 (22. Qxd7 Rcd8 $15) 22... g5 23. Qh5 {[%emt 0:00:38] Black must now prevent d6.} (23. Bxg5 hxg5 24. Nxg5 Qg6 $17) 23... b4 24. cxb4 (24. d6 $1 $14 {stays ahead.} Nc4 25. Bxg5 $1 hxg5 26. Nxg5 Nxd6 27. Bd5) 24... cxb4 $17 25. Be3 (25. d6 $17 Rc2 26. Rf1 (26. Be3 Rxe3 27. fxe3 Qxe3+ 28. Kh1 Rxg2 $19)) 25... Rxe3 $19 26. fxe3 {[%emt 0:00:02] [#]} Qxe3+ $2 (26... Nc4 $1 $19 27. Kh1 Bxb2 28. Nxg5 hxg5 29. Qxg5+ Qg6 30. Qxg6+ fxg6) 27. Kh1 $11 Rc2 (27... Nc4 $11 {keeps the balance.}) 28. Rg1 $2 {[%emt 0:01:13][%mdl 8192] [#]} (28. Rf1 $16 Bb5 29. Nxg5 (29. Rae1 Qf4 $11) 29... Bxf1 30. Qxf7+ Kh8 31. Rxf1 hxg5 32. d6 (32. Qh5+ Kg8 $16) 32... Rxg2 33. Kxg2 Qd2+ 34. Rf2 Qxd6 35. Rc2 (35. Qxa7 Qd5+ 36. Kf1 Qh1+ 37. Ke2 Nc4 $11)) 28... Nc4 $2 (28... Rxg2 $1 $19 {[%mdl 512] is more deadly.} 29. Rxg2 Qxf3) 29. Raf1 (29. Rae1 $17 {was forced.} Qf4 30. Nxg5 Qxg5 31. Qxg5 hxg5 32. Rc1 Rxc1 33. Rxc1) 29... Rxb2 $4 (29... Nd6 $19 {Threatens to win with ...Ne4.} 30. Re1 Qf4) 30. Nxg5 $18 Qxg5 $2 (30... Nd6 31. Nxf7 Ne4 32. Nxh6+ Bxh6 33. Qg6+ (33. Qf7+ Kh8 $11) 33... Bg7 34. Qxe4 Qxe4 35. Bxe4 Rxa2) 31. Qxf7+ (31. Rxf7 $2 {loses.} Qxh5 32. Rxg7+ Kxg7 $19) 31... Kh7 32. Qxd7 {[%emt 0:00:07] White wants to mate with Be4+.} Ne3 33. Be4+ {[%emt 0:00:06] Weighted Error Value: White=0.67/Black=1.10} 1-0

[Event "Romanian Rapid Open 2022"]
[Site "Sebes"]
[Date "2022.12.02"]
[Round "6.29"]
[White "Ghita, Vlad-Bogdan"]
[Black "Zaharie, Ioan"]
[Result "1-0"]
[ECO "B41"]
[WhiteElo "1938"]
[BlackElo "1704"]
[Annotator "TA"]
[PlyCount "65"]
[EventDate "2022.12.02"]
[EventType "rapid"]
[EventCountry "ROU"]
[SourceTitle "playchess.com"]
[Source "ChessBase"]
[SourceQuality "1"]
[TimeControl "600+5"]

1. e4 c5 2. Nf3 e6 3. d4 cxd4 4. Nxd4 a6 5. c4 Nf6 6. Nc3 d6 7. Be2 Qc7 8. O-O Bd7 {[%emt 0:00:02] B41: Sicilian: Kan Variation: 5 c4.} 9. Be3 Nc6 10. Nc2 Be7 {[%emt 0:00:04] [#] White is slightly better.} 11. Rc1 $146 ({Predecessor:} 11. f4 b6 12. Qd2 O-O 13. Rac1 Rfd8 14. g4 Bf8 15. g5 Ne8 16. Ne1 Ne7 17. Nf3 {1-0 (29) Pearson,R (1898)-Burrows,M (1544) Cardiff 2018}) 11... Rc8 12. f4 O-O 13. g4 Rfd8 ({Black should play} 13... h6) 14. g5 $16 Ne8 15. Qe1 {[%emt 0:00:10] White is more active.} f5 $2 {[%emt 0:00:24] [#]} (15... b5 $16) 16. exf5 $18 exf5 17. Nd5 Qb8 18. Bb6 {[%emt 0:00:04] Hoping for Bd3.} Nc7 19. Bd3 Bf8 20. Nxc7 Rxc7 21. Qf2 {[%emt 0:00:20] Prevents g6.} Rcc8 22. Bxd8 Rxd8 23. a3 Ne7 (23... g6 {keeps fighting.} 24. Rfe1 Bg7) 24. Nd4 d5 25. c5 Nc6 (25... g6 {was worth a try.} 26. h4 Bg7) 26. b4 ({Don't take} 26. Bxf5 Bxf5 27. Nxf5 d4 $18) 26... Qa7 $2 {[%emt 0:00:26] [#]} (26... g6 {might work better.} 27. Rce1 Qc8) 27. Nxc6 (27. Nxf5 $142 Be8 28. Nd4 Nxd4 29. Qxd4) 27... bxc6 28. Rfe1 a5 $2 (28... Ra8 {is a better defense.} 29. h4 Qb7) 29. b5 cxb5 30. c6 Qxf2+ 31. Kxf2 Bc8 (31... Bxc6 $18 32. Rxc6 Bxa3 33. Bxb5 g6) 32. c7 Rd7 33. Re8 {[%emt 0:00:06] White took control after the opening.   Weighted Error Value: White=0.30/Black=1.03} 1-0

[Event "Romanian Rapid Open 2022"]
[Site "Sebes"]
[Date "2022.12.02"]
[Round "6.30"]
[White "Coicev, Matei-Andrei"]
[Black "Stan, Luciana-Gabriela"]
[Result "1-0"]
[ECO "B21"]
[WhiteElo "2009"]
[BlackElo "1823"]
[Annotator "TA"]
[PlyCount "105"]
[EventDate "2022.12.02"]
[EventType "rapid"]
[EventCountry "ROU"]
[SourceTitle "playchess.com"]
[Source "ChessBase"]
[SourceQuality "1"]
[TimeControl "600+5"]

1. e4 c5 2. Be2 e6 3. f4 Nc6 4. d3 g6 5. Nf3 Bg7 6. O-O {[%emt 0:00:03] B21: Sicilian: 2 f4 and Morra Gambit.} Nge7 7. c3 d5 8. Na3 {[%emt 0:00:15] The position is equal. 8.Be3 is more fashionable.} a6 {[%emt 0:00:29] [#]} 9. Be3 $146 ({Predecessor:} 9. Nc2 b5 10. e5 d4 11. cxd4 cxd4 12. Ng5 Bb7 13. Ne4 O-O 14. Bd2 Nf5 15. g4 {1-0 (43) Seul,G (2372)-Disconzi da Silva,R (2333) Chess.com INT 2020}) 9... d4 10. cxd4 Nxd4 11. Nxd4 Bxd4 12. Qd2 Nc6 13. Bxd4 Nxd4 14. Nc2 O-O 15. Rac1 b5 16. Qe3 Bb7 17. Nxd4 cxd4 18. Qd2 Rc8 19. Rxc8 Qxc8 20. Rc1 Qd7 21. Qb4 Ra8 22. e5 Bd5 23. b3 Qb7 24. Bf1 Qb6 (24... a5 $5 25. Qxd4 Rc8 26. Rxc8+ Qxc8 $11) 25. Rc5 Rd8 26. Rc1 Kg7 27. Qe7 Rf8 $1 28. Qf6+ Kg8 29. Qe7 (29. h4 $11) 29... Qa5 $1 $17 30. Rc2 Qe1 31. Re2 {[%emt 0:00:04] Prevents Qe3+.} Qd1 32. Rf2 {[%emt 0:00:03] [#]} Rc8 (32... Qc1 $1 $17) 33. Qb4 Rc1 34. Qxd4 h5 35. Qe3 Rc3 36. Qd2 Qa1 37. Qb2 Qe1 38. Qd2 (38. Re2 $5 Qc1 $8 39. Qxc1 Rxc1 40. Kf2 $11) 38... Qa1 39. Qb2 Qe1 40. Re2 Qc1 41. Qxc1 Rxc1 $11 {[%emt 0:00:01][%mdl 4096] Endgame KRB-KRB} 42. Kf2 Rd1 {[%emt 0:00:02] Prevents Rd2.} (42... a5 $11 {deserves consideration.}) 43. Rc2 Kg7 44. Be2 Rh1 45. h3 {[%emt 0:00:01] Hoping for Bf1.} h4 $2 {[%emt 0:00:16][%mdl 8192] [#] A mistake that costs the game.} (45... Ra1 $16) 46. Bf1 $1 $18 Rxf1+ $2 (46... f5 47. Rc7+ Kh6) 47. Kxf1 {KR-KB} Kh6 48. Kf2 g5 49. fxg5+ Kxg5 50. Ke3 Kf5 51. d4 f6 52. Rf2+ Kg5 53. exf6 {[%emt 0:00:02] Weighted Error Value: White=0.07 (flawless) /Black=0.40} 1-0

[Event "Romanian Rapid Open 2022"]
[Site "Sebes"]
[Date "2022.12.02"]
[Round "6.31"]
[White "Nagy-Elek, Tamas"]
[Black "Lup, Constantin-Ionel"]
[Result "0-1"]
[ECO "B27"]
[WhiteElo "1976"]
[BlackElo "1739"]
[Annotator "TA"]
[PlyCount "108"]
[EventDate "2022.12.02"]
[EventType "rapid"]
[EventCountry "ROU"]
[SourceTitle "playchess.com"]
[Source "ChessBase"]
[SourceQuality "1"]
[TimeControl "600+5"]

1. e4 c5 2. Nf3 g6 3. c3 Bg7 4. d4 cxd4 5. cxd4 d5 6. e5 a6 {[%emt 0:00:03] B27: Sicilian: 2 Nf3, unusual Black 2nd moves.} 7. Nc3 Nc6 8. Be2 Bg4 {[%emt 0:00:04] The position is equal.} 9. O-O e6 10. h3 Bxf3 11. Bxf3 Nge7 12. Be3 O-O 13. Qd2 Nf5 {[%emt 0:00:17] [#]} 14. Rfd1 $146 (14. Bg4 $11) ({Predecessor:} 14. Bg4 Nxe3 15. fxe3 h5 16. Be2 Bh6 17. Rf3 Ne7 18. Bd3 Nf5 19. Bxf5 gxf5 20. Ne2 {½-½ (26) Chladek,V (2165)-Ardeleanu,A (2424) Ceska Trebova 2006}) 14... f6 $17 15. exf6 Qxf6 16. Ne2 (16. Rf1 $17) 16... Nh4 $1 $19 17. Bf4 Nxf3+ (17... g5 $2 18. Bg3) 18. gxf3 Qh4 ({Stronger than} 18... g5 19. Bd6 $17) (18... Qf5 $1 $19 19. Kh2 Rae8) 19. Kg2 $17 Qf6 {[%emt 0:01:49] Black has more active pieces.} ({Black should try} 19... Rf5 $17 {Hoping for ...Qf6.} 20. Bg3 Qf6) 20. Qe3 (20. Kg1 $1 $11) 20... Rae8 21. Bg5 {[%emt 0:00:58] [#] Inhibits e5.} (21. Rac1 $17 {was worth a try.}) 21... Qf5 (21... Qf7 $1 $19 {White must now prevent ...e5.} 22. Qb3 e5) 22. f4 {[%emt 0:00:44] Against e5} h6 23. Bh4 Qh5 24. Bg3 Rf6 25. Ng1 Ref8 26. Qe2 Qf5 (26... Qxe2 {simplifies} 27. Nxe2 Rc8 28. Ng1 Rff8) 27. Qd3 (27. Rd3 $1 $15) 27... Qxd3 (27... g5 $17 28. Qxf5 Rxf5) 28. Rxd3 $15 g5 ({Better is} 28... Rc8 $15) 29. fxg5 $11 hxg5 30. Nf3 Rf5 31. Re1 R8f6 32. Ne5 Nxe5 33. dxe5 Rf7 34. Rc3 Kh7 35. h4 (35. Rb3 $11 {keeps the balance.}) 35... gxh4 $17 36. Rh1 Bxe5 37. Rxh4+ {[%emt 0:00:01] [#]} Kg6 ({Black should play} 37... Kg7 $1 $17 38. Rg4+ Kf8 39. Bxe5 Rxe5 40. Rc8+ Ke7 41. Rc7+ Kf8 42. Rc8+ Ke7 43. Rc7+ Kf6 44. Rf4+ Rf5 45. Rxf5+ exf5) 38. Bxe5 {[%emt 0:00:04] White is now going downhill.} (38. Re3 $1 $11 {remains equal.} Bxg3 39. Rxe6+ Kg7 40. fxg3 (40. Rg4+ Kf8 $15)) 38... Rxe5 $11 {[%emt 0:00:03][%mdl 4096] Endgame KRR-KRR} 39. Rg3+ (39. Rb3 $17 {is a better defense.}) 39... Kf6 40. Rf3+ (40. Rb3 $17) 40... Rf5 $19 {[%emt 0:00:02] Threatens to win with ...Rxf3.} 41. Rc3 (41. Rhf4 $142) 41... Ke5 42. Rc2 Kd6 43. Rh3 (43. Kf1 $142) 43... e5 44. Rh6+ R5f6 45. Rh3 e4 46. Rd2 {[%emt 0:00:04] Inhibits d4.} Rf3 47. Rh4 (47. Rh5 $142 R3f5 48. Rh6+ Kc5 49. Re6) 47... Kc5 48. Rh8 Rd3 49. Rxd3 (49. Rc2+ Kd4 50. Kf1) 49... exd3 {[%emt 0:00:01] KR-KR} 50. Rh3 Kc4 51. Kf1 Re7 ({Not} 51... d2 $2 52. Ke2 $19) 52. Rh4+ d4 {[%emt 0:00:02] ( -> ...d2)} 53. Rh8 d2 54. Rc8+ Kb5 {[%emt 0:00:32] Weighted Error Value: White=0.78/Black=0.22 (precise)} 0-1

[Event "Romanian Rapid Open 2022"]
[Site "Sebes"]
[Date "2022.12.02"]
[Round "6.32"]
[White "Sulita, Vlad-Petre"]
[Black "Tudor, Henry Edward"]
[Result "0-1"]
[ECO "B43"]
[WhiteElo "1632"]
[BlackElo "1943"]
[Annotator "TA"]
[PlyCount "77"]
[EventDate "2022.12.02"]
[EventType "rapid"]
[EventCountry "ROU"]
[SourceTitle "playchess.com"]
[Source "ChessBase"]
[SourceQuality "1"]
[TimeControl "600+5"]

1. e4 c5 2. Nf3 e6 3. d4 cxd4 4. Nxd4 a6 5. Nc3 Qc7 6. Be3 Bb4 7. Qd2 {[%emt 0:00:22] 7.Qd3 gains popularity.} Nf6 $1 {[%emt 0:00:08] Strongly threatening ...Nxe4.} 8. Bd3 {[%emt 0:00:07] B43: Sicilian: Kan Variation: 5 Nc3.} d5 $1 9. exd5 Nxd5 10. Nde2 {[%emt 0:00:07] Black is slightly better.} Nxe3 11. fxe3 (11. Qxe3 $11 Nc6 12. a3) 11... Nd7 {[%emt 0:00:34] [#]} 12. a3 $146 ({Predecessor:} 12. O-O Nf6 13. Nf4 O-O 14. Ncd5 Bxd2 15. Nxc7 Bxe3+ 16. Kh1 Rb8 17. Rf3 Bb6 18. Nb5 axb5 19. Bxb5 {0-1 (49) Makhlouf,A (1419)-Flores Rodriguez,A (1662) Chess.com INT 2021}) 12... Bd6 13. Ne4 Be5 14. Nd4 Bxh2 (14... b6 $15) 15. O-O-O $11 Be5 16. Qb4 Qb6 17. Qc4 (17. Bb5 $11 axb5 18. Nxb5) 17... h6 $17 18. g4 ({Better is} 18. Rh5 $15) 18... Nf6 $1 19. g5 {[%emt 0:00:23] [#]} Nd5 20. Rde1 {[%emt 0:00:46] [#]} (20. Kd2 $17) 20... Nxe3 $1 $19 21. Rxe3 {[%emt 0:01:08] Threatens to win with Nc5.} Bxd4 (21... Qxd4 22. Qxd4 Bxd4 23. Rf3) 22. Rf3 Bxb2+ 23. Kd2 Bxa3 $2 (23... Bd7 $19 {...Rc8 is the strong threat.} 24. Rhf1 hxg5 25. Rxf7 Bxa3 26. Rxg7 Rh2+ 27. Be2 Qb4+ 28. Qxb4 Bxb4+ 29. c3 {[#]} O-O-O $1) 24. Qa4+ $16 Bd7 25. Qxa3 O-O-O 26. Nd6+ (26. Rxf7 $142 {Black must now prevent Nd6+.} Bc6 27. Re1 (27. Qc3 Kb8 $16)) 26... Kb8 27. Nxf7 (27. Rxf7 $16 {aiming for Rh4.} Bc6 28. Rh4) 27... Bc6 $1 $11 {[%emt 0:00:19] [#]} 28. Rhf1 Bxf3 {[%emt 0:00:44] Chess con chili.} 29. Nxh8 (29. Nxd8 $5 Qxd8 30. Rxf3 $11) 29... Rxh8 (29... Be4 $11 {keeps the balance.} 30. Nf7 Rd5 31. gxh6 gxh6) 30. Rxf3 (30. gxh6 $5 e5 31. Rxf3 Rxh6 32. Qc3 $14 (32. Rf8+ Ka7 $11)) 30... hxg5 31. Qe7 ({But not} 31. Rf8+ Rxf8 32. Qxf8+ Ka7 $11) ({White should try} 31. Qc3 $1 $14) 31... Rh2+ 32. Kc3 Qc6+ 33. Kb2 Qxf3 {[%emt 0:00:11][%mdl 4096] Endgame KQR-KQB} 34. Qd6+ Ka7 35. Qxh2 Qf6+ 36. Qe5 $2 Qxe5+ {[%emt 0:00:02] Black mates.} 37. Kc1 g4 38. Kd2 g3 39. Kd1 {[%emt 0:00:15] Weighted Error Value: White=0.37/Black=0.22 (precise)} 0-1

[Event "Romanian Rapid Open 2022"]
[Site "Sebes"]
[Date "2022.12.02"]
[Round "6.33"]
[White "Bucur, Denisa-Andreea"]
[Black "Radu, Robert-Daniel"]
[Result "1-0"]
[ECO "D38"]
[WhiteElo "1953"]
[BlackElo "1510"]
[Annotator "TA"]
[PlyCount "105"]
[EventDate "2022.12.02"]
[EventType "rapid"]
[EventCountry "ROU"]
[SourceTitle "playchess.com"]
[Source "ChessBase"]
[SourceQuality "1"]
[TimeControl "600+5"]

1. d4 d5 2. c4 e6 3. Nc3 Nf6 4. Nf3 Bb4 5. Qa4+ Nc6 6. e3 O-O 7. Bd2 {[%emt 0:00:02] 7.Qc2 deserves study.} a6 8. Qc2 {[%emt 0:00:06] D38: Queen's Gambit Declined: Ragozin Defence (4 Nf3 Bb4).} (8. a3 $5 Bxc3 9. Bxc3 $14) 8... Bd6 9. c5 Be7 10. a3 {[%emt 0:00:02] The position is equal.} Bd7 (10... e5 $11) 11. Bd3 b6 12. b4 $1 bxc5 {[%emt 0:00:37] [#]} 13. bxc5 $146 ({Predecessor:} 13. dxc5 e5 14. e4 d4 15. Nd5 Be6 16. Nxe7+ Qxe7 17. O-O Bd7 18. a4 Rfb8 19. Rfb1 {1-0 (48) Feist,M-Sacher,H (2305) ICCF corr 1998}) 13... Ne8 $2 (13... g6 $16 {was necessary.}) 14. Bxh7+ $18 Kh8 15. Bd3 f5 16. Ne2 Nf6 17. Nf4 Qe8 18. Ng5 Bd8 19. O-O (19. Be2 $18 {is more deadly.}) 19... Ne4 $16 {[%emt 0:00:00] Against Bc3} 20. Nxe4 {[%emt 0:00:00] White is more active.} (20. h4 $16) 20... fxe4 $11 21. Be2 $36 {[%emt 0:00:00][%mdl 2048] White is pushing.} Rf5 {[%emt 0:00:00] Prevents Bh5. Black is on the road to losing.} (21... Rxf4 $1 $11 22. exf4 Nxd4) 22. f3 $2 (22. Qd1 $18) 22... exf3 $2 (22... Rxf4 $1 $11 {and Black stays safe.} 23. exf4 Nxd4) 23. Rxf3 $18 ({Weaker is} 23. Bxf3 Rxf4 24. exf4 Nxd4 $18) 23... Bg5 24. Bd3 Bxf4 25. Bxf5 {[%emt 0:00:00] [#] Bg6 is the strong threat.} ({Resist} 25. Rxf4 $6 Rxf4 26. exf4 Nxd4 $16) ({Less strong is} 25. exf4 Nxd4 26. Rh3+ Rh5 27. Rxh5+ Qxh5 $16) 25... Bxh2+ 26. Kxh2 exf5 27. Rh1 {[%emt 0:00:17] aiming for Rxf5.} Kg8 28. Kg1 Qe4 29. Qxe4 fxe4 30. Rf1 Rb8 31. Rh5 Ne7 (31... Be6 {is a better defense.} 32. Be1 Rb3) 32. Re5 Ng6 33. Rxd5 Bb5 34. Rc1 c6 35. Rd7 Rf8 36. Be1 Rf1+ 37. Kh2 Nf8 38. Rd8 Kf7 39. Bd2 Rf2 40. Ba5 Ne6 (40... Rf6 $142 41. Rb1 Rf2) 41. Rd7+ Ke8 42. Ra7 g5 43. Kg3 Re2 44. Rh1 {[%emt 0:00:08] [#] White threatens Rhh7 and mate.} Rxe3+ 45. Kg4 {[%emt 0:00:02] Threatening mate with Rhh7.} Be2+ 46. Kf5 {[%emt 0:00:01] White mates.} Nxd4+ 47. Ke5 Ne6 48. Kxe6 Bc4+ 49. Ke5 Kf8 50. Rh8+ Bg8 51. Ra8+ Kf7 52. Rhxg8 Rd3 53. Kxe4 {[%emt 0:00:05] Weighted Error Value: White=0.27 (precise) /Black=0.54} 1-0